 Dungeon Crawl Stone Soup version 0.31.0-32-g396128a36d (webtiles) character file.

Game seed: 399429439124419224

93 KKCryptic the Insei (level 4, -3/28 HPs)
             Began as an Octopode Shapeshifter on Mar 28, 2024.
             Was a Priest of Jiyva.
             Slain by an orc priest
             ... wielding a +0 hand axe
              (4 damage)
             ... on level 3 of the Dungeon.
             The game lasted 00:05:49 (1898 turns).

KKCryptic the Insei (Octopode Shapeshifter)         Turns: 1898, Time: 00:05:51

Health: -3/28      AC:  1    Str: 13    XL:     4   Next: 62%
Magic:  4/4        EV: 13    Int: 12    God:    Jiyva [***...]
Gold:   98         SH:  0    Dex: 13    Spells: 3/3 levels left

rFire   + .          .
                       - Unarmed
rCold   . . .        (no shield)
rNeg    . . .        (helmet currently unavailable)
rPois   .            (no amulet)
rElec   .            i - ring of protection from fire
rCorr   +            (no ring)
SInv    .            (no ring)
Will    .....        (no ring)
Stlth   +++          (no ring)
HPRegen 1.36/turn    (no ring)
MPRegen 0.65/turn    (no ring)
                     (no ring)

%: no passive effects
@: lethally poisoned (-3 -> -6), beast-form
A: beast (slay +2), almost no armour, amphibious, 8 rings, camouflage 1,
gelatinous body 1, (nimble swimmer 1), tentacles
a: Begin Untransformation, Renounce Religion, Oozemancy


You were on level 3 of the Dungeon.
You worshipped Jiyva.
Jiyva was most pleased with you.
You were a hulking beast.
You visited 1 branch of the dungeon, and saw 3 of its levels.

You collected 98 gold pieces.

Inventory:

Missiles
 h - 6 javelins (quivered)
Jewellery
 i - a ring of protection from fire (left tentacle)
Talismans
 b - a beast talisman
 c - a flux talisman
Scrolls
 e - 3 scrolls of identify {unknown}
 f - 4 scrolls of teleportation {unknown}
 g - 2 scrolls of enchant armour {unknown}
 j - a scroll of immolation {unknown}
Potions
 a - a potion of lignification
 d - 2 potions of mutation {unknown}


   Skills:
 - Level 1.0 Fighting
 - Level 2.0 Dodging
 + Level 2.4 Stealth
 * Level 4.0 Unarmed Combat
 * Level 3.8 Shapeshifting


You had 3 spell levels left.
You didn't know any spells.
Your spell library contained the following spells:

 Spells                   Type           Power      Damage    Failure   Level
 Freeze                   Ice            0%         1d3       32%         1
 Summon Small Mammal      Summ           0%         N/A       32%         1
 Call Canine Familiar     Summ           0%         N/A       69%         3
 Frozen Ramparts          Ice            0%         1d1       69%         3
 Hailstorm                Conj/Ice       0%         3d5       69%         3
 Summon Blazeheart Golem  Fire/Summ      0%         N/A       97%         4


Dungeon Overview and Level Annotations

Branches:
Dungeon (3/15)

Altars:
Xom
Jiyva


Innate Abilities, Weirdness & Mutations

You are a hulking beast.
Your limbs bulge with bestial killing power. (Slay +2)
You cannot wear most types of armour.
You are amphibious.
You can wear up to eight rings at the same time.
Your skin changes colour to match your surroundings (Stealth+).
Your rubbery body absorbs attacks. (AC +1, EV +1)
((You are camouflaged when in or above water. (Stealth+)))
You have tentacles for arms and can constrict up to eight enemies at once.


Message History

You constrict the bat.
You kill the bat!
No target in view!
Found a stone staircase leading down.
A ribbon worm, an orc and an orc priest come into view.
The orc is wielding a +1 whip of venom.
Found 11 gold pieces.
An orc comes into view. It is wielding a +0 flail.
Found a helmet.
The orc shouts!
The orc priest shouts!
You barely miss the orc priest. Your grab misses the orc priest.
Your squeeze misses the orc priest. The ribbon worm bites you.
You barely miss the ribbon worm. You grab the ribbon worm.
You constrict the ribbon worm, but do no damage.
The ribbon worm bites you.
You tentacle-slap the ribbon worm.
You squeeze the ribbon worm, but do no damage.
The ribbon worm is moderately wounded.
You constrict the ribbon worm. You tentacle-slap the ribbon worm.
You squeeze the ribbon worm!
You kill the ribbon worm!
The orc hits you but does no damage. The orc hits you with a +0 flail!
You tentacle-slap the orc priest. Your grab misses the orc priest.
Your tentacle-slap misses the orc priest.
You squeeze the orc priest.
The orc priest is moderately wounded.
The orc hits you with a +1 whip of venom.
You are poisoned.
The orc closely misses you.
The orc priest hits you with a +0 hand axe.
* * * LOW HITPOINT WARNING * * *
You barely miss the orc priest. You grab the orc priest.
The orc priest is moderately wounded.
You constrict the orc priest, but do no damage.
* * * LOW HITPOINT WARNING * * *
You feel very sick. The orc barely misses you. The orc closely misses you.
The orc priest hits you with a +0 hand axe.
You die...

.. ... #.# #. #.# #.#
#.# # #.# #######.#####
#.#.#
##...oo......####.#.#
#..$.oh.........#.#.###
#.[#####...............
#...............
###.##...#.#.#.###
###......#<.....#...
#.....##.....###.### #
#.#.### .#..###.#
#.#....## #....>.###
#.#.....###.#.###...##


You could see an orc priest and 2 orcs.

Vanquished Creatures
  Natasha (twice) (D:2)
  2 adders (D:3)
  A ribbon worm (D:3)
  A dart slug (D:1)
  An orc (D:3)
  4 endoplasms (D:1)
  2 hobgoblins (D:1)
  2 quokkas (D:1)
  4 ball pythons
  2 bats
  A frilled lizard (D:1)
  3 goblins (D:1)
  5 kobolds
  2 rats
32 creatures vanquished.

Vanquished Creatures (others)
  A ball python (D:2)
  A bat (D:2)
  A kobold (D:3)
  A quokka (D:2)
  A rat (D:1)
5 creatures vanquished.

Grand Total: 37 creatures vanquished

Notes
Turn   | Place    | Note
-------+----------+-------------------------------------------
     0 | D:1      | KKCryptic the Octopode Shapeshifter began the quest for the
                  | Orb.
     0 | D:1      | Reached XP level 1. HP: 13/13 MP: 1/1
    69 | D:1      | Reached XP level 2. HP: 18/18 MP: 2/2
    85 | D:1      | Reached skill level 1 in Stealth
   420 | D:1      | Found a faded altar of an unknown god.
   420 | D:1      | Noticed an orange demon
   430 | D:1      | Prayed at the altar of an unknown god.
   430 | D:1      | Became a worshipper of Jiyva Janeroub the Shapeless
   430 | D:1      | Reached * piety under Jiyva
   747 | D:1      | Reached XP level 3. HP: 23/23 MP: 3/3
  1036 | D:2      | Reached ** piety under Jiyva
  1170 | D:2      | Noticed Natasha
  1177 | D:2      | Killed Natasha
  1202 | D:2      | Noticed Natasha
  1207 | D:2      | Killed Natasha
  1208 | D:2      | Reached XP level 4. HP: 16/28 MP: 4/4
  1699 | D:3      | Found a shimmering altar of Xom.
  1710 | D:3      | Reached skill level 4 in Unarmed Combat
  1807 | D:3      | Reached *** piety under Jiyva
  1898 | D:3      | HP: 1/28 [poisoned by an orc]
  1898 | D:3      | Slain by an orc priest

Illustrated notes

Levels and vault maps discovered:
D:1:      nzn_arrival_settlement, layout_basic,
          dreamdust_ecumenical_altar_sealed_demon, st_stairs_11,
          wander_ebering_terrifying_dragon_lair
D:2:      layout_loops_cross, uniq_natasha
D:3:      layout_loops_ring, xom_teletrap_fun

Skill      XL: |  1  2  3  4 |
---------------+-------------+-----
Stealth        | 1 2 |  2.4
Unarmed Combat | 4 |  4.0
Fighting       | |  1.0
Dodging        | |  2.0
Shapeshifting  | |  3.8

Action                     |  1- 3 |  4- 6 || total
---------------------------+-------+-------++-------
  Melee: Unarmed           |    42 |    21 ||    63
         Constrict         |     9 |     6 ||    15
         Tentacles         |     2 |     6 ||     8
         Punch             |     1 |     1 ||     2
   Stab: Sleeping          |     6 |     1 ||     7
         Distracted        |     1 |       ||     1
 Armour: Skin              |    20 |    12 ||    32
  Dodge: Dodged            |    11 |    12 ||    23
